 Dungeon Crawl Stone Soup version 0.26.1-2-gb8aa6d0 (webtiles) character file.

Game seed: 12462156226856146734

183 Geeful the Sneak (level 5, -1/37 HPs)
             Began as an Octopode Delver on Apr 3, 2021.
             Killed by nerve-wracking pain
             ... invoked by Grinder
              (13 damage)
             ... on level 5 of the Dungeon.
             The game lasted 00:05:16 (1430 turns).

Geeful the Sneak (Octopode Delver)                  Turns: 1430, Time: 00:05:17

Health: -1/37      AC:  1    Str: 11    XL:     5   Next: 62%
Magic:  8/8        EV: 14    Int: 14    God:
Gold:   0          SH:  0    Dex: 13    Spells: 8/8 levels left

rFire    . . .     SeeInvis .   a - +0 short sword
rCold    . . .     Faith    .   (no shield)
rNeg     . . .     Spirit   .   (helmet restricted)
rPois    .         Reflect  .   (no amulet)
rElec    .         Harm     .   (no ring)
rCorr    .         Rampage  .   (no ring)
Will     .....                  (no ring)
Stlth    +++++.....             (no ring)
HPRegen  0.12/turn              (no ring)
MPRegen  0.11/turn              (no ring)
                                (no ring)
                                (no ring)

@: no status effects
A: almost no armour, stealthy swim, amphibious, 8 rings, constrict 8, camouflage
1, gelatinous body 1
a: no special abilities


You were on level 5 of the Dungeon.
You visited 1 branch of the dungeon, and saw 5 of its levels.
You also visited: Ossuary.

Inventory:

Hand Weapons
 a - a +0 short sword (weapon)
Wands
 f - a wand of digging (3)
 i - a wand of iceblast (6)
Scrolls
 b - 2 scrolls of fog
 c - a scroll of magic mapping
 d - 2 scrolls of fear
 h - a scroll of blinking {unknown}
 j - a scroll of teleportation {unknown}
 k - a scroll of noise {unknown}
 m - 4 scrolls of enchant armour {unknown}
 n - a scroll of remove curse {unknown}
 o - a scroll of amnesia {unknown}
 q - a scroll of enchant weapon {unknown}
 r - a scroll of immolation {unknown}
Potions
 e - 3 potions of haste
 g - a potion of heal wounds {unknown}
 l - 2 potions of brilliance {unknown}
 p - 3 potions of curing {unknown}


   Skills:
 + Level 4.0 Fighting
 - Level 2.0 Short Blades
 + Level 3.2 Dodging
 + Level 7.6 Stealth
 + Level 2.1 Spellcasting


You had 8 spell levels left.
You didn't know any spells.
Your spell library was empty.

Dungeon Overview and Level Annotations

Branches:
Dungeon (8/15)            Ossuary (visited)
 Temple: D:4-7         Lair: D:8-11

Altars:
Dithmenos

Annotations:
D:5 Grinder


Innate Abilities, Weirdness & Mutations

You cannot wear most types of armour.
You are very stealthy in the water. (Stealth+)
You are amphibious.
You can wear up to eight rings at the same time.
You can use your tentacles to constrict eight enemies at once.
Your skin changes colour to match your surroundings (Stealth+).
Your rubbery body absorbs attacks. (AC +1, EV +1)


Message History

Aiming: Iceblast
Press: ? - help, Shift-Dir - straight line, f/p - Grinder
Aim: Grinder (severely wounded)
The mass of ice explodes!
The iceblast engulfs Grinder.
Grinder partially resists.
Grinder is almost dead.
The hound misses you.
A worm comes into view.
An orc comes into view. It is wielding a +0 flail.
The hound bites you. Grinder gestures at you. Pain shoots through your body!
The hound bites you.
You climb downwards.
There is a stone staircase leading up here.
You barely miss Grinder. Your grab misses Grinder.
Grinder is almost dead.
The hound bites you. Grinder gestures at you. Pain shoots through your body!
You die...

##### #.h@# #.#5#
#######.#.####
#..>....#....#
#....#######.#####.#
#.......#..........#
#....####.#.##########
#...### #.#.# ####
#...#


You could see Grinder and a hound.

Vanquished Creatures
  A worker ant (D:7)
  12 mummies (Ossuary)
  2 gnoll skeletons (Ossuary)
  A kobold skeleton (Ossuary)
  5 orc skeletons (Ossuary)
  11 rat skeletons (Ossuary)
32 creatures vanquished.

Notes
Turn   | Place    | Note
-------+----------+-------------------------------------------
     0 | D:5      | Geeful the Octopode Delver began the quest for the Orb.
     0 | D:5      | Reached XP level 1. HP: 16/16 MP: 1/1
    27 | D:7      | Found a shadowy altar of Dithmenos.
    69 | D:7      | Found a sand-covered staircase.
    74 | Ossuary  | Entered an ossuary
   128 | Ossuary  | Reached XP level 2. HP: 21/21 MP: 1/3
   179 | Ossuary  | Reached skill level 1 in Spellcasting
   179 | Ossuary  | Reached XP level 3. HP: 5/26 MP: 4/4
   446 | Ossuary  | Reached skill level 7 in Stealth
   488 | Ossuary  | Reached XP level 4. HP: 18/31 MP: 5/5
  1002 | Ossuary  | Reached XP level 5. HP: 37/37 MP: 7/7
  1286 | D:8      | Noticed a black bear
  1423 | D:4      | Noticed Grinder
  1430 | D:5      | Killed from afar by Grinder

Illustrated notes

Levels and vault maps discovered:
D:4:      layout_rooms, minmay_temple_entry_hall, portal_sewer_entry_b,
          uniq_grinder
D:5:      gammafunk_wand_slinger, layout_loops_cross, overflow_temple_1_default,
          nicolae_overflow_crystal_walls, serial_shops, shop,
          minmay_misc_feat_iff, chequers_serial_rivers_marsh
D:6:      kennysheep_six_static_rooms, layout_cave_pods, basic_altar,
          uniq_prince_ribbit1
D:7:      hangedman_cross_stitches, layout_gridville, kennysheep_little_box,
          grunt_temple_overflow_growth_and_decay, enter_ossuary_5, serial_shops,
          kennysheep_mini_moat, shop, shop, nicolae_shop_statue_plus, shop
D:8:      layout_basic, due_lair_maze_entry_diamond, serial_shops, shop,
          uniq_grum

Skill      XL: |  1  2  3  4  5 |
---------------+----------------+-----
Spellcasting   | 1 2 |  2.1
Stealth        | 7 |  7.6
Dodging        | 3 |  3.2
Fighting       | 4 |  4.0
Short Blades   | |  2.0

Action                   |  1- 3 |  4- 6 || total
-------------------------+-------+-------++-------
Melee: Short sword       |    28 |    41 ||    69
       Constrict         |     8 |     9 ||    17
       Tentacles         |     6 |    11 ||    17
Evoke: Wand              |       |     4 ||     4
  Use: Potion            |     2 |       ||     2
 Stab: Sleeping          |     5 |     9 ||    14
Armor: Skin              |     2 |       ||     2
Dodge: Dodged            |    22 |    21 ||    43
